 Dungeon Crawl Stone Soup version 0.29.1-2-gbd0b4ee654 (webtiles) character file.

Game seed: 15677605555064972983

188 glubgluby the Slasher (level 5, 47/47 HPs)
             Began as a Gnoll Cinder Acolyte on Nov 14, 2022.
             Was a High Priest of Ignis.
             Got out of the dungeon alive.
             The game lasted 00:05:29 (3380 turns).

glubgluby the Slasher (Gnoll Cinder Acolyte)        Turns: 3380, Time: 00:05:30

Health: 47/47      AC:  6    Str: 13    XL:     5   Next: 67%
Magic:  9/9        EV: 11    Int: 15    God:    Ignis [*****.]
Gold:   108        SH:  0    Dex:  8    Spells: 8/10 levels left

rFire   + . .      SeeInvis .   m - +3 dagger (venom)
rCold   . . .      Faith    .   (no shield)
rNeg    . . .      Spirit   .   j - +3 leather armour
rPois   .          Reflect  .   (no helmet)
rElec   .          Harm     .   (no cloak)
rCorr   .          Rampage  .   (no gloves)
Will    .....                   (no boots)
Stlth   +.........              (no amulet)
HPRegen 0.15/turn               (no ring)
MPRegen 0.11/turn               (no ring)

@: no status effects
A: fangs 1, strong nose, distributed training
a: Renounce Religion, Fiery Armour, Foxfire Swarm


You escaped.
You worshipped Ignis.
Ignis was extremely pleased with you.
You visited 1 branch of the dungeon, and saw 3 of its levels.

You collected 108 gold pieces.

Inventory:

Hand Weapons
 a - a -1 falchion of flaming
 m - a +3 dagger of venom (weapon)
Missiles
 b - 2 poisoned darts (quivered)
Armour
 j - a +3 leather armour (worn)
Scrolls
 c - a scroll of acquirement
 d - a scroll of poison {unknown}
 f - a scroll of fear
 g - a scroll of fog {unknown}
 k - a scroll of noise {unknown}
 l - a scroll of enchant armour {unknown}
 o - a scroll of vulnerability {unknown}
Potions
 e - a potion of mutation
 h - a potion of lignification {unknown}
 n - a potion of might {unknown}
 p - a potion of cancellation {unknown}


   Skills:
 + Level 6.7 Fighting
 + Level 1.6 Short Blades
 + Level 6.7 Long Blades
 + Level 1.6 Axes
 + Level 1.6 Maces & Flails
 + Level 1.6 Polearms
 + Level 1.6 Staves
 + Level 1.6 Ranged Weapons
 + Level 1.6 Throwing
 + Level 1.6 Armour
 + Level 1.6 Dodging
 + Level 1.6 Stealth
 + Level 1.6 Shields
 + Level 1.6 Unarmed Combat
 + Level 3.2 Spellcasting
 + Level 1.3 Conjurations
 + Level 1.3 Hexes
 + Level 1.3 Summonings
 + Level 1.3 Necromancy
 + Level 1.3 Translocations
 + Level 1.3 Transmutations
 + Level 5.6 Fire Magic
 + Level 1.3 Ice Magic
 + Level 1.3 Air Magic
 + Level 1.3 Earth Magic
 + Level 1.3 Poison Magic
 + Level 1.9 Invocations
 + Level 1.6 Evocations


You had 8 spell levels left.
You knew the following spells:

 Your Spells              Type           Power      Damage    Failure   Level
a - Scorch                Fire           38%        2d7       3%          2

Your spell library contained the following spells:

 Spells                   Type           Power      Damage    Failure   Level


Dungeon Overview and Level Annotations

Branches:
Dungeon (3/15)

Altars:

Shops:
D:3 :


Innate Abilities, Weirdness & Mutations

You have very sharp teeth.
Your uncanny sense of smell can sniff out nearby items.
Your experience applies equally to all skills.


Message History

You barely miss the adder.
The adder is heavily wounded.
The adder bites you but does no damage.
You completely miss the adder. Your bite misses the adder.
The adder is severely wounded.
The adder misses you. The adder bites you but does no damage.
You closely miss the adder. Your bite misses the adder.
The adder is severely wounded.
The adder closely misses you.
You barely miss the adder.
The adder is severely wounded.
You kill the adder!
You see here an adder corpse.
Unknown command.
Unknown command.
You are a level 5 Gnoll Cinder Acolyte.
You are 67% of the way to level 6.
Play time: 00:05:09 (3302 turns).
Zot will find you in 14706 turns if you stay in this branch and explore no new floors.
Save game and exit?
Welcome back, glubgluby the Gnoll Cinder Acolyte.
The flames of Ignis gently warm you.
Press ? for a list of commands and other information.
You begin to rise into the air.
With a burst of heat and light, you rocket upward!
There is a shaft here.
Okay, then.
(D) Dungeon
Where to? (? - help)
What level of the Dungeon? (default 1, ? - help)
There is a stone staircase leading up here.
You see here a +0 robe.
You climb upwards.
There is a stone staircase leading down here.
You see here a +0 hand axe.
HP restored.
You see here a +0 club.
There is an open door here.
There is a staircase leading out of the dungeon here.
Are you sure you want to leave the Dungeon?
This will make you lose the game!
You have escaped!

###'###
#.....#
#.....#
#.....#
#.###.#
#.#.#.#
#.###.#
#.....#
#..@..#
#.....#
#######


There were no monsters in sight!

Vanquished Creatures
  A jelly (D:2)
  Jessica (D:2)
  4 gnolls (D:3)
  2 adders
  5 orcs (D:3)
  4 ball pythons
  8 endoplasms (D:2)
  A giant cockroach (D:1)
  6 hobgoblins
  4 jackals (D:3)
  9 kobolds
  3 quokkas
  3 bats
  3 frilled lizards (D:1)
  6 goblins
  3 rats
63 creatures vanquished.

Vanquished Creatures (others)
  A fungus (D:2)
  10 toadstools (D:2)
11 creatures vanquished.

Grand Total: 74 creatures vanquished

Notes
Turn   | Place    | Note
-------+----------+-------------------------------------------
     0 | D:1      | glubgluby the Gnoll Cinder Acolyte began the quest for the
                  | Orb.
     0 | D:1      | Reached XP level 1. HP: 23/23 MP: 4/4
   303 | D:1      | Reached XP level 2. HP: 26/29 MP: 5/5
   463 | D:1      | Learned a level 2 spell: Scorch
  1101 | D:2      | Reached XP level 3. HP: 31/35 MP: 7/7
  1209 | D:2      | Reached skill level 1 in Invocations
  1316 | D:2      | Reached skill level 1 in Short Blades
  1316 | D:2      | Reached skill level 1 in Axes
  1316 | D:2      | Reached skill level 1 in Maces & Flails
  1316 | D:2      | Reached skill level 1 in Polearms
  1316 | D:2      | Reached skill level 1 in Staves
  1316 | D:2      | Reached skill level 1 in Ranged Weapons
  1316 | D:2      | Reached skill level 1 in Throwing
  1316 | D:2      | Reached skill level 1 in Armour
  1316 | D:2      | Reached skill level 1 in Dodging
  1316 | D:2      | Reached skill level 1 in Stealth
  1316 | D:2      | Reached skill level 1 in Shields
  1316 | D:2      | Reached skill level 1 in Unarmed Combat
  1316 | D:2      | Reached skill level 1 in Evocations
  1322 | D:2      | Reached XP level 4. HP: 28/41 MP: 2/8
  1325 | D:2      | Reached skill level 1 in Conjurations
  1325 | D:2      | Reached skill level 1 in Hexes
  1325 | D:2      | Reached skill level 1 in Summonings
  1325 | D:2      | Reached skill level 1 in Necromancy
  1325 | D:2      | Reached skill level 1 in Translocations
  1325 | D:2      | Reached skill level 1 in Transmutations
  1325 | D:2      | Reached skill level 1 in Ice Magic
  1325 | D:2      | Reached skill level 1 in Air Magic
  1325 | D:2      | Reached skill level 1 in Earth Magic
  1325 | D:2      | Reached skill level 1 in Poison Magic
  1656 | D:2      | Found a faded altar of an unknown god.
  1746 | D:2      | Noticed Jessica
  1753 | D:2      | Killed Jessica
  2063 | D:2      | Reached XP level 5. HP: 42/47 MP: 9/9
  3176 | D:3      | Identified a scroll of acquirement
  3278 | D:3      | Found Ubutaziz's Book Emporium.
  3380 | D:$      | Got out of the dungeon alive.

Illustrated notes

Levels and vault maps discovered:
D:1:      nicolae_arrival_memento_mori, layout_basic
D:2:      cheibrodos_fertilizer, layout_basic,
          nicolae_ecumenical_snake_handling, uniq_jessica
D:3:      layout_loops_ring, serial_shops, nicolae_shop_hallway_plus,
          amethyst_killhole, kennysheep_generic_room_12

Skill      XL: |  1  2  3  4 |
---------------+-------------+-----
Invocations    | 1 |  1.9
Short Blades   | 1 |  1.6
Axes           | 1 |  1.6
Maces & Flails | 1 |  1.6
Polearms       | 1 |  1.6
Staves         | 1 |  1.6
Ranged Weapons | 1 |  1.6
Throwing       | 1 |  1.6
Armour         | 1 |  1.6
Dodging        | 1 |  1.6
Stealth        | 1 |  1.6
Shields        | 1 |  1.6
Unarmed Combat | 1 |  1.6
Evocations     | 1 |  1.6
Spellcasting   | 3 |  3.2
Conjurations   | 1 |  1.3
Hexes          | 1 |  1.3
Summonings     | 1 |  1.3
Necromancy     | 1 |  1.3
Translocations | 1 |  1.3
Transmutations | 1 |  1.3
Ice Magic      | 1 |  1.3
Air Magic      | 1 |  1.3
Earth Magic    | 1 |  1.3
Poison Magic   | 1 |  1.3
Fighting       | |  6.7
Long Blades    | |  6.7
Fire Magic     | |  5.6

Action                   |  1- 3 |  4- 6 || total
-------------------------+-------+-------++-------
Melee: Falchion          |    79 |    20 ||    99
       Bite              |     3 |    11 ||    14
       Dagger            |       |    66 ||    66
 Cast: Scorch            |     6 |     2 ||     8
Invok: Rising Flame      |       |     1 ||     1
  Use: Scroll            |       |     3 ||     3
Armor: Robe              |     4 |       ||     4
       Leather armour    |    25 |    32 ||    57
Dodge: Dodged            |    37 |    39 ||    76
